 Dungeon Crawl Stone Soup version 0.32-a0-876-gcfddb08e57 (webtiles) character file.

Game seed: 17253004786974150120

732 Aldia the Chopper (level 7, -16/59 HPs)
             Began as a Mountain Dwarf Fire Elementalist on Mar 31, 2024.
             Demolished by an ogre
             ... wielding a +0 giant club
              (33 damage)
             ... on level 5 of the Dungeon.
             The game lasted 00:07:59 (5696 turns).

Aldia the Chopper (MDFE)                            Turns: 5696, Time: 00:08:01

Health: -16/59     AC:  8    Str: 13    XL:     7   Next: 45%
Magic:  1/11       EV:  8    Int: 15    God:
Gold:   274        SH:  0    Dex: 10    Spells: 2/12 levels left

rFire   . . .        p - +0 war axe
rCold   . . .        (no shield)
rNeg    . . .        n - +0 scale mail
rPois   .            (no helmet)
rElec   .            g - +0 cloak
rCorr   .            (no gloves)
SInv    .            (no boots)
Will    .....        (no amulet) Stlth
                     (no ring)
HPRegen 0.29/turn    (no ring)
MPRegen 0.12/turn

%: no passive effects
@: studying Necromancy
A: runic magic, artefact enchanting
a: no special abilities


You were on level 5 of the Dungeon.
You visited 1 branch of the dungeon, and saw 5 of its levels.

You collected 274 gold pieces.

Inventory:

Hand Weapons
 c - a +0 dagger
 p - a +0 war axe (weapon)
Armour
 a - a +0 robe
 g - a +0 cloak (worn)
 n - a +0 scale mail (worn)
 w - the +1 leather armour "Iphuagoy" {rN+ rCorr}
   (You found it on level 2 of the Dungeon)

   rN+:       It protects you from negative energy.
   rCorr:     It protects you from acid and corrosion.
 y - a +0 kite shield
 C - a +0 plate armour
 D - a +0 chain mail
Wands
 t - a wand of paralysis (11)
 A - a wand of mindburst (18)
Scrolls
 e - 2 scrolls of torment
 f - a scroll of amnesia {unknown}
 k - 3 scrolls of teleportation
 l - a scroll of poison
 o - a scroll of identify {unknown}
 r - a scroll of vulnerability {unknown}
 u - a scroll of fear {unknown}
 v - a scroll of enchant weapon {unknown}
 z - a scroll of noise {unknown}
 B - a scroll of butterflies {unknown}
Potions
 b - a potion of magic
 d - 2 potions of attraction {unknown}
 h - a potion of curing {unknown}
 i - a potion of heal wounds {unknown}
 j - 2 potions of degeneration {unknown}
 m - 2 potions of resistance
 q - a potion of lignification {unknown}
 s - 2 potions of mutation {unknown}
 x - 4 potions of brilliance {unknown}


   Skills:
 - Level 4.0 Fighting
 * Level 5.5 Axes
 + Level 3.7 Armour
 - Level 1.3 Dodging
 - Level 1.4 Stealth
 - Level 3.0 Spellcasting
 - Level 1.0 Conjurations
 - Level 5.0 Fire Magic


You had 2 spell levels left.
You knew the following spells:

 Your Spells              Type           Power      Damage    Failure   Level
a - Foxfire               Conj/Fire      44%        2x1d6     9%          1
b - Scorch                Fire           34%        2d6       5%          2
c - Flame Wave            Conj/Fire      11%        2d6       63%         4
d - Fugue of the Fallen   Necr           2%         N/A       63%         3

Your spell library contained the following spells:

 Spells                   Type           Power      Damage    Failure   Level
 Inner Flame              Hex/Fire       9%         N/A       30%         3
 Volatile Blastmotes      Fire/Tloc      18%        2d11      30%         3
 Ozocubu's Armour         Ice            2%         N/A       63%         3
 Manifold Assault         Tloc           1%         N/A       100%        7


Dungeon Overview and Level Annotations

Branches:
Dungeon (5/15)
 Temple: D:4-7

Altars:
Hepliaklqana


Innate Abilities, Weirdness & Mutations

Your spellcasting is much less encumbered by armour.
You can use scrolls of enchantment on lesser artefacts.


Message History

You hit the orc.
The orc is severely wounded.
You miss something. The orc hits you but does no damage. Something hits you.
Unknown command.
Unknown command.
You hit the orc.
The orc is almost dead.
You miss something. The orc barely misses you.
Something hits you but does no damage. Something hits you.
The orc barely misses you.
You closely miss the orc.
The orc is almost dead.
You miss something. The orc barely misses you. Something hits you.
You slash the orc!
You kill the orc!
You slash something! Something hits you but does no damage.
You slash the ogre!
The ogre is moderately wounded.
You miss something. The ogre hits you with a +0 giant club.
You hear some strange, mumbled words.
Something tries to affect you, but you resist.
Unknown command.
Casting: Scorch (safe; 5% risk of failure)
Confirm with . or Enter, or press ? or * to list all spells.
Flames lash something.
Something hits you but does no damage.
The ogre hits you with a +0 giant club!!
* * * LOW HITPOINT WARNING * * *
Unknown command.
Unknown command.
You barely miss something. You hit the ogre but do no damage.
Something hits you but does no damage.
Unknown command.
You slash the ogre!
The ogre is almost dead.
You slash something!
Reactivating autopickup.
You feel a bit more experienced.
The ogre hits you with a +0 giant club!!
Ouch! That really hurt!
You die...

#.# #......................##
..# #........................
.... .........................
..... ..............)....)>..##
##..####...##.##.#.##.##........
... #..................#...##
.##.##..............#
...##.####.#..##.##...#
.......O@......##.##...#
#......))...........<..#
.#..#.#.###.....##.##.#.#
...............##.##.#.#
#.........)..........#.#
#..#...................##
......o..................
#.#..#.#o........##.##.#.##
.....#.#.###..............#


You could see an ogre.

Vanquished Creatures
  A black bear (D:4)
  A phantom (D:3)
  A howler monkey (D:5)
  A hound (D:5)
  2 bombardier beetles
  A jelly (D:5)
  An orc priest (D:5)
  4 iguanas
  An orc wizard (D:5)
  4 gnolls (D:5)
  10 adders
  2 ufetubi (D:5)
  3 dart slugs
  2 ribbon worms
  14 orcs
  12 ball pythons
  7 endoplasms
  7 giant cockroaches
  14 goblins
  12 hobgoblins
  A jackal (D:2)
  8 kobolds
  A quokka (D:2)
  11 bats
  2 frilled lizards
  9 rats
132 creatures vanquished.

Vanquished Creatures (others)
  39 foxfires
39 creatures vanquished.

Grand Total: 171 creatures vanquished

Notes
Turn   | Place    | Note
-------+----------+-------------------------------------------
     0 | D:1      | Aldia the Mountain Dwarf Fire Elementalist began the quest
                  | for the Orb.
     0 | D:1      | Reached XP level 1. HP: 14/14 MP: 3/3
    57 | D:1      | Reached skill level 1 in Conjurations
   198 | D:1      | Reached XP level 2. HP: 19/22 MP: 0/4
   259 | D:1      | Learned a level 2 spell: Scorch
   488 | D:1      | Reached skill level 1 in Fighting
   929 | D:2      | Reached XP level 3. HP: 24/28 MP: 3/6
  1267 | D:2      | Found a faded altar of an unknown god.
  1749 | D:2      | Reached XP level 4. HP: 36/36 MP: 0/7
  1828 | D:2      | You fall into a shaft and drop 2 floors!
  1845 | D:4      | Learned a level 4 spell: Flame Wave
  1963 | D:3      | Reached skill level 5 in Fire Magic
  2235 | D:3      | Reached skill level 1 in Armour
  2526 | D:3      | Reached XP level 5. HP: 42/42 MP: 6/9
  2584 | D:3      | Reached skill level 1 in Axes
  3294 | D:2      | Identified the +1 leather armour "Iphuagoy" {rN+ rCorr}
  4147 | D:4      | Noticed a phantom
  4186 | D:3      | Killed a phantom
  4187 | D:3      | Reached XP level 6. HP: 8/51 MP: 0/10
  4782 | D:4      | Learned a level 3 spell: Fugue of the Fallen
  4833 | D:4      | Found a hazy altar of Hepliaklqana.
  4861 | D:5      | Entered Level 5 of the Dungeon
  4972 | D:5      | Reached XP level 7. HP: 58/58 MP: 6/11
  5231 | D:5      | Reached skill level 5 in Axes
  5696 | D:5      | Demolished by an ogre

Illustrated notes

Levels and vault maps discovered:
D:1:      dpeg_arrival_refuge, layout_rooms
D:2:      minmay_thinvault, layout_loops_ring, ebering_ecumenical_altar_webs,
          minmay_quadrilaterals
D:3:      layout_loops_ring, nicolae_eternal_life
D:4:      layout_rooms, nzn_hepliaklqana_mist_gate, minmay_manual_macuahuitl
D:5:      layout_basic

Skill      XL: |  1  2  3  4  5  6  7 |
---------------+----------------------+-----
Conjurations   | 1 |  1.0
Fire Magic     | 4 5 |  5.0
Spellcasting   | 2 3 |  3.0
Fighting       | 1 2 3 4 |  4.0
Armour         | 1 2 3 |  3.7
Axes           | 2 4 5 |  5.5
Dodging        | |  1.3
Stealth        | |  1.4

Action                     |  1- 3 |  4- 6 |  7- 9 || total
---------------------------+-------+-------+-------++-------
  Melee: Dagger            |    52 |    38 |       ||    90
         War axe           |       |    74 |    23 ||    97
   Cast: Foxfire           |    24 |     2 |       ||    26
         Scorch            |    24 |    77 |    23 ||   124
    Use: Scroll            |     1 |     3 |     1 ||     5
         Potion            |       |     1 |       ||     1
   Stab: Sleeping          |     2 |       |       ||     2
 Armour: Robe              |    50 |       |       ||    50
         Scale mail        |       |   130 |    37 ||   167
  Dodge: Dodged            |    25 |    70 |    18 ||   113

Table legend: (Time is in decaauts)
 A = Elapsed time spent in this place.
 B = Non-inter-level travel time spent in this place.
 C = Inter-level travel time spent in this place.
 D = Time resting spent in this place.
 E = Time spent auto-exploring this place.
 F = Levels seen in this place.
 G = Mean time per level.
                   A        B        C        D        E       F      G
               +--------+--------+--------+--------+--------+-----+--------+
         Total |   5733 |   5537 |    196 |    447 |   4224 |   5 | 1146.6 |
       Dungeon |   5733 |   5537 |    196 |    447 |   4224 |   5 | 1146.6 |
               +--------+--------+--------+--------+--------+-----+--------+

Top non-repeatable levels by time:
     D:2: 1713 daAuts
     D:3: 1604 daAuts
     D:4: 918 daAuts
     D:1: 818 daAuts
     D:5: 678 daAuts
